[ AOE2 MATCH · #506829177 ]
UnrankedMongols vs Persians
Player's team · WIN
Rival team · LOSS
[ REPLAY ANALYSIS · EXTRACTED FROM THE RECORDED GAME ]
Feudal
8:56
Castle
—
Imperial
—
| APM avg | 40.9 |
| APM peak | 68 |
| eAPM avg | 13.6 |
| Villagers / military | 27 / 8 |
Focus
⚔️ 26.7% · 🌾 73.3%
Archer ×8
Feudal
—
Castle
—
Imperial
—
| APM avg | 56.4 |
| APM peak | 110 |
| eAPM avg | 25.8 |
| Villagers / military | 23 / 0 |
Focus
⚔️ 31.2% · 🌾 68.8%
Match map
Initial resources + every placement click. Lines = walls · curves = elevation contours. ◆ gold · ⬟ stone · ● berries · ✦ relic · ◌ wall gap
Your base· Open — 1t gap
WoR's base· Open — 7t gap
Smoothed initial terrain · ◌ = detected wall gap · hover for details
Inputs per minute
— xingxing - - WoR
Build order — xingxing
59 actions detected in the replay
| 0:02 | Queue | Villager (Male) |
| 0:02 | Queue | Villager (Male) |
| 0:02 | Queue | Villager (Male) |
| 0:02 | Queue | Villager (Male) |
| 0:04 | Build | House |
| 1:31 | Queue | Villager (Male) |
| 1:31 | Queue | Villager (Male) |
| 1:46 | Build | House |
| 2:02 | Queue | Villager (Male) |
| 2:25 | Build | Lumber Camp |
| 2:26 | Queue | Villager (Male) |
| 2:27 | Queue | Villager (Male) |
| 2:40 | Queue | Villager (Male) |
| 2:40 | Queue | Villager (Male) |
| 3:13 | Queue | Villager (Male) |
| 3:42 | Build | House |
| 3:46 | Queue | Villager (Male) |
| 3:47 | Queue | Villager (Male) |
| 3:47 | Queue | Villager (Male) |
| 3:47 | Queue | Villager (Male) |
| 4:24 | Queue | Villager (Male) |
| 4:24 | Queue | Villager (Male) |
| 4:47 | Queue | Villager (Male) |
| 4:48 | Queue | Villager (Male) |
| 5:15 | Build | Barracks |
| 5:48 | Build | House |
| 5:56 | Queue | Villager (Male) |
| 5:57 | Research | Loom |
| 6:42 | Research | Feudal Age |
| 7:56 | Build | Mining Camp |
| 8:56 | Age | Feudal Age |
| 8:59 | Build | Archery Range |
| 9:04 | Research | Double-Bit Axe |
| 9:04 | Research | Double-Bit Axe |
| 9:48 | Queue | Archer |
| 9:52 | Build | House |
| 10:11 | Build | Lumber Camp |
| 11:15 | Queue | Archer |
| 11:15 | Queue | Archer |
| 11:20 | Build | House |
| 11:47 | Queue | Archer |
| 11:55 | Build | House |
| 12:18 | Build | House |
| 12:43 | Build | Town Center |
| 13:43 | Build | Mill |
| 13:52 | Queue | Archer |
| 14:06 | Queue | Archer |
| 14:19 | Build | Blacksmith |
| 14:49 | Queue | Archer |
| 14:58 | Queue | Villager (Male) |
| 14:58 | Queue | Villager (Male) |
| 15:01 | Build | Farm |
| 15:06 | Build | Farm |
| 15:37 | Queue | Villager (Male) |
| 15:52 | Queue | Villager (Male) |
| 15:52 | Queue | Villager (Male) |
| 16:09 | Build | Mill |
| 16:51 | Queue | Villager (Male) |
| 16:58 | Queue | Archer |
Build order — WoR
50 actions detected in the replay
| 0:03 | Build | House |
| 0:04 | Build | House |
| 0:10 | Queue | Villager (Male) |
| 0:11 | Queue | Villager (Male) |
| 0:11 | Queue | Villager (Male) |
| 0:12 | Research | Loom |
| 0:13 | Queue | Villager (Male) |
| 0:13 | Queue | Villager (Male) |
| 1:05 | Build | Palisade Wall |
| 1:09 | Build | Palisade Wall |
| 1:13 | Build | Palisade Wall |
| 1:14 | Build | Palisade Wall |
| 1:18 | Build | Palisade Wall |
| 1:42 | Queue | Villager (Male) |
| 2:09 | Queue | Villager (Male) |
| 3:15 | Queue | Villager (Male) |
| 3:15 | Queue | Villager (Male) |
| 3:22 | Build | House |
| 3:23 | Build | House |
| 3:49 | Queue | Villager (Male) |
| 4:06 | Build | House |
| 4:17 | Queue | Villager (Male) |
| 4:22 | Queue | Villager (Male) |
| 6:04 | Build | Town Center |
| 6:21 | Build | Palisade Wall |
| 6:23 | Build | Palisade Wall |
| 7:23 | Build | Palisade Wall |
| 7:26 | Build | Palisade Wall |
| 7:27 | Build | Palisade Wall |
| 7:33 | Build | Palisade Wall |
| 7:35 | Build | Palisade Wall |
| 8:18 | Queue | Villager (Male) |
| 9:27 | Build | Palisade Gate |
| 9:42 | Build | House |
| 9:49 | Build | Palisade Wall |
| 10:04 | Build | Palisade Wall |
| 10:15 | Build | Palisade Wall |
| 10:23 | Queue | Villager (Male) |
| 10:47 | Queue | Villager (Male) |
| 10:48 | Queue | Villager (Male) |
| 11:08 | Queue | Villager (Male) |
| 12:16 | Queue | Villager (Male) |
| 12:16 | Queue | Villager (Male) |
| 12:19 | Queue | Villager (Male) |
| 13:01 | Queue | Villager (Male) |
| 13:54 | Build | House |
| 13:56 | Queue | Villager (Male) |
| 15:23 | Queue | Villager (Male) |
| 15:59 | Build | Town Center |
| 16:14 | Build | Lumber Camp |
Match timeline
| 1:05 | WoR · wall_segment Palisade Wall x1 |
| 1:09 | WoR · wall_segment Palisade Wall x1 |
| 1:13 | WoR · wall_segment Palisade Wall x1 |
| 1:14 | WoR · wall_segment Palisade Wall x1 |
| 1:18 | WoR · wall_segment Palisade Wall x1 |
| 5:15 | xingxing · first_building Barracks |
| 6:21 | WoR · wall_segment Palisade Wall x1 |
| 6:23 | WoR · wall_segment Palisade Wall x1 |
| 7:23 | WoR · wall_segment Palisade Wall x1 |
| 7:26 | WoR · wall_segment Palisade Wall x1 |
| 7:27 | WoR · wall_segment Palisade Wall x1 |
| 7:33 | WoR · wall_segment Palisade Wall x1 |
| 7:35 | WoR · wall_segment Palisade Wall x1 |
| 8:56 | xingxing · age_up feudal |
| 8:59 | xingxing · first_building Archery Range |
| 9:49 | WoR · wall_segment Palisade Wall x1 |
| 10:04 | WoR · wall_segment Palisade Wall x1 |
| 10:15 | WoR · wall_segment Palisade Wall x1 |
| 17:15 | WoR · resign |
[ AI ANALYSIS · 1 CREDIT ]
What really happened in this match?
Wolo.gg analyzes every decision: build order, eco, micro, common mistakes by bracket. Personalized analysis on WhatsApp or Discord in 30 seconds.
Civ guide
Mongols
Perfil
Jugador #551488